 Dungeon Crawl Stone Soup version 0.24.0-13-gcf9b3192b9 (console) character file.

Game seed: 11631909561343551270, levelgen mode: deterministic

9460 AlterAsc the Martial Artist (level 11, -37/58 HPs)
             Began as a Vine Stalker Transmuter on Nov 9, 2019.
             Was a Priest of Ashenzari.
             Annihilated by an ettin
             ... wielding a +0 dire flail
              (39 damage)
             ... on level 10 of the Dungeon.
             The game lasted 00:28:51 (8011 turns).

AlterAsc the Martial Artist (VSTm)                  Turns: 8011, Time: 00:28:52

Health: -37/58     AC: 16    Str: 15    XL:     11   Next: 46%
Magic:  0/22       EV: 12    Int: 13    God:    Ashenzari [***...]
Gold:   513        SH:  3    Dex: 16    Spells: 16/24 levels left

rFire    + . .     SeeInvis +     - Unarmed
rCold    . . .     Gourm    .   (shield currently unavailable)
rNeg     . . .     Faith    .   c - +2 steam dragon scales
rPois    .         Spirit   +   p - +0 helmet
rElec    .         Reflect  +   l - +0 cloak
rCorr    .         Harm     .   (gloves currently unavailable)
MR       +....                  J - +2 pair of boots {Fly}
Stlth    +.........             e - +3 amulet of reflection
HPRegen  0.59/turn              x - +4 ring of protection
MPRegen  0.18/turn              K - ring of protection from fire

@: blade hands, flying
A: fangs 3, regeneration 1, magic shield, antimagic bite, no potion heal 3, rot
immunity
a: End Transformation, Curse Item, Scrying, Renounce Religion, Stop Flying


You were on level 10 of the Dungeon.
You worshipped Ashenzari.
Ashenzari was most pleased with you.
You were not hungry.
You had blades for hands.
You visited 1 branch of the dungeon, and saw 10 of its levels.

You collected 513 gold pieces.

Inventory:

Missiles
 a - 83 arrows
 t - 18 poisoned darts (quivered)
Armour
 b - a +0 robe
 c - +2 steam dragon scales (worn)
 i - a +0 ring mail
 j - a +0 scale mail
 l - a +0 cloak (worn)
 o - a +0 pair of gloves (melded)
 p - a +0 helmet (worn)
 C - a +0 leather armour
 G - +0 acid dragon scales
 J - a +2 pair of boots of flying (worn)
 N - the +2 robe "Japodwun" {SInv}
   (You found it on level 9 of the Dungeon)

   It lets you see invisible.
Magical Staves
 I - an uncursed staff of power
Jewellery
 e - a +3 amulet of reflection (around neck)
 f - an uncursed amulet of guardian spirit
 x - a +4 ring of protection (left scythe-like blade)
 K - a ring of protection from fire (right scythe-like blade)
 P - an uncursed ring of protection from cold
Wands
 g - a wand of paralysis (20)
 r - a wand of acid (5)
 B - a wand of disintegration (3)
 O - a wand of polymorph (13)
Scrolls
 h - 2 scrolls of identify
 n - 3 scrolls of teleportation
 q - a scroll of enchant weapon {unknown}
 s - 3 scrolls of random uselessness
 u - 2 scrolls of magic mapping
 y - 2 scrolls of silence {unknown}
 E - a scroll of remove curse
 F - 4 scrolls of blinking {unknown}
 L - a scroll of noise {unknown}
 M - 3 scrolls of amnesia
 R - a scroll of fear {unknown}
Potions
 k - 3 potions of curing
 m - 2 potions of berserk rage {unknown}
 v - a potion of heal wounds {unknown}
 w - 2 potions of resistance {unknown}
 z - 3 potions of mutation {unknown}
 A - 2 potions of agility {unknown}
 D - a potion of brilliance {unknown}
 S - a potion of magic {unknown}
Miscellaneous
 H - a lamp of fire
Comestibles
 d - 21 rations
 Q - 5 chunks of flesh


   Skills:
 + Level 7.2 Fighting
 - Level 1.6 Dodging
 * Level 11.1 Unarmed Combat
 - Level 7.0 Spellcasting
 - Level 9.0 Transmutations
 + Level 3.4 Evocations


You had 16 spell levels left.
You knew the following spells:

 Your Spells              Type           Power        Failure   Level  Hunger
a - Beastly Appendage     Tmut           ####..       11%         1    None
b - Sticks to Snakes      Tmut           ####....     12%         2    #......
c - Blade Hands           Tmut           ####......   47%         5    ######.

Your spell library contained the following spells:

 Spells                   Type           Power        Failure   Level  Hunger
 Spider Form              Tmut/Pois      ###.......   38%         3    ##.....
 Ignite Poison            Fire/Tmut/Pois ##......     52%         3    ##.....
 Animate Skeleton         Necr           N/A          56%         1    None
 Apportation              Tloc           #.....       56%         1    None
 Confusing Touch          Hex            #.....       56%         1    None
 Corona                   Hex            #......      56%         1    None
 Sting                    Conj/Pois      #...         56%         1    None
 Summon Small Mammal      Summ           #...         56%         1    None
 Poisonous Vapours        Pois/Air       #.....       65%         2    #......
 Slow                     Hex            #.......     65%         2    #......
 Sublimation of Blood     Necr           #.........   65%         2    #......
 Ice Form                 Ice/Tmut       ###.....     67%         4    ####...
 Petrify                  Tmut/Erth      ###.....     67%         4    ####...
 Inner Flame              Hex/Fire       #.......     82%         3    ##.....
 Mephitic Cloud           Conj/Pois/Air  #.......     82%         3    ##.....
 Portal Projectile        Hex/Tloc       #.....       82%         3    ##.....
 Alistair's Intoxication  Tmut/Pois      ###.....     89%         5    ######.
 Irradiate                Conj/Tmut      ###.......   89%         5    ######.
 Cause Fear               Hex            #.........   98%         4    ####...
 Leda's Liquefaction      Hex/Erth       #.........   98%         4    ####...
 Olgreb's Toxic Radiance  Pois           #.......     98%         4    ####...
 Venom Bolt               Conj/Pois      #.........   100%        5    ######.


Dungeon Overview and Level Annotations

Branches:
Dungeon (10/15)            Temple (0/1) D:4            Lair (0/6) D:10
    Orc: D:9-12

Altars:
Ashenzari
Cheibriados
Elyvilon
Fedhas
Kikubaaqudgha
Okawaru
Vehumet


Innate Abilities, Weirdness & Mutations

You have razor-sharp teeth.
Your natural rate of healing is unusually fast.
When hurt, damage is shared between your health and your magic reserves.
Your bite disrupts and absorbs the magic of your enemies.
Potions cannot restore your health.
You are immune to rotting.


Message History

You slash Seghaw's ghost!
Seghaw's ghost is severely damaged.
Seghaw's ghost completely misses you.
You hit Seghaw's ghost but do no damage.
You bite Seghaw's ghost, but do no damage.
Seghaw's ghost is heavily damaged.
Seghaw's ghost barely misses you.
You slice Seghaw's ghost!! You bite Seghaw's ghost.
You destroy Seghaw's ghost!
Your Unarmed Combat skill increases to level 11!
The ettin hits you with a +0 dire flail!! x2
* * * LOW HITPOINT WARNING * * *
There is an open translucent door, spattered with blood here.
You slice the ettin!!
The ettin is heavily wounded.
The ettin hits you with a +0 dire flail!
* * * LOW HITPOINT WARNING * * *
The ettin hits you with a +0 dire flail!!!
Ouch! That really hurt!
You die...

................... , , ,
..........######### * *,
..........# ..........#
..........###############
.........................
............#####........
, *
.############§§§#........
, , .#### ****
,§C@........ , ...... ,
§§#........ ,, ######*
###########* ***


You could see an ettin.

Vanquished Creatures
  A two-headed ogre (D:9)
  The ghost of Seghaw the Basher, a journeyman GrFi of Zin (D:10)
  Pikel (D:5)
  A hornet (D:9)
  A hippogriff (D:7)
  A wraith (D:10)
  A wyvern (D:10)
  2 steam dragons (D:7)
  A hungry ghost (D:8)
  3 wargs (D:10)
  Menkaure (D:5)
  An acid dragon (D:7)
  A soldier ant (D:7)
  A water moccasin (D:7)
  8 ice beasts
  A black bear (D:8)
  2 orc warriors
  A necrophage (D:7)
  3 phantoms
  3 sky beasts
  6 ogres
  3 centaurs
  A big kobold (D:10)
  A crocodile (D:7)
  Blork the orc (D:5)
  A water moccasin zombie (D:5)
  5 bullfrogs
  A wyvern skeleton (D:7)
  5 scorpions
  4 killer bees (D:10)
  13 wights
  7 howler monkeys
  6 crimson imps
  A bullfrog skeleton (D:10)
  4 jellies
  5 hounds
  8 orc priests
  A centaur skeleton (D:9)
  Ijyb (D:5)
  14 orc wizards
  4 iguanas
  8 worker ants
  2 hound skeletons
  A worker ant zombie (D:7)
  3 gnolls (D:7)
  A howler monkey skeleton (D:7)
  6 adders
  2 shadow imps (D:5)
  2 oozes
  An adder zombie (D:7)
  An adder skeleton (D:4)
  4 worms
  A dart slug (D:2)
  9 leopard geckos
  36 orcs
  7 giant cockroaches
  12 goblins
  8 hobgoblins
  6 jackals
  6 quokkas
  3 ball pythons
  5 bats
  5 frilled lizards
  12 kobolds
  A quokka skeleton (D:4)
  4 rats
273 creatures vanquished.

Vanquished Creatures (others)
  A howler monkey (D:5)
  An orc wizard (D:5)
  3 orcs
5 creatures vanquished.

Grand Total: 278 creatures vanquished

Notes
Turn   | Place    | Note
-------+----------+-------------------------------------------
     0 | D:1      | AlterAsc the Vine Stalker Transmuter began the quest for
                  | the Orb.
     0 | D:1      | Reached XP level 1. HP: 9/9 MP: 4/4
   113 | D:1      | Reached skill level 1 in Fighting
   246 | D:1      | Reached XP level 2. HP: 8/14 MP: 3/6
   737 | D:2      | Reached XP level 3. HP: 14/18 MP: 4/7
  1093 | D:2      | Gained mutation: Your natural rate of healing is unusually
                  | fast. [Vine Stalker growth]
  1093 | D:2      | Reached XP level 4. HP: 12/23 MP: 6/9
  1483 | D:2      | Found a shattered altar of Ashenzari.
  1496 | D:2      | Became a worshipper of Ashenzari the Shackled
  1609 | D:3      | Reached XP level 5. HP: 18/26 MP: 7/10
  1725 | D:3      | Found a snail-covered altar of Cheibriados.
  1728 | D:3      | Found an iron altar of Okawaru.
  1780 | D:3      | Found a radiant altar of Vehumet.
  2126 | D:4      | Noticed a phantom
  2227 | D:4      | Killed a phantom
  2227 | D:4      | Reached skill level 4 in Unarmed Combat
  2227 | D:4      | Reached XP level 6. HP: 30/32 MP: 9/12
  2534 | D:4      | Noticed an ice beast
  2549 | D:4      | Killed an ice beast
  2549 | D:4      | Reached skill level 5 in Unarmed Combat
  2549 | D:4      | Reached XP level 7. HP: 22/36 MP: 10/14
  2601 | D:4      | Found a staircase to the Ecumenical Temple.
  2849 | D:5      | Entered Level 5 of the Dungeon
  2935 | D:5      | Learned a level 2 spell: Sticks to Snakes
  2941 | D:5      | Learned a level 5 spell: Blade Hands
  3049 | D:5      | Reached * piety under Ashenzari
  3079 | D:5      | Noticed Menkaure
  3124 | D:6      | Found an ancient bone altar of Kikubaaqudgha.
  3225 | D:6      | Gained mutation: You have razor-sharp teeth. [Vine Stalker
                  | growth]
  3225 | D:6      | Reached XP level 8. HP: 10/40 MP: 2/15
  3364 | D:6      | Reached skill level 6 in Unarmed Combat
  3395 | D:6      | Reached skill level 5 in Transmutations
  3601 | D:6      | Reached skill level 5 in Spellcasting
  3630 | D:6      | Found an iron altar of Okawaru.
  3792 | D:5      | Found a white marble altar of Elyvilon.
  3794 | D:5      | Noticed Blork the orc
  3808 | D:5      | Killed Blork the orc
  3892 | D:5      | Found a blossoming altar of Fedhas.
  3911 | D:5      | Noticed Pikel
  3921 | D:5      | Killed Pikel
  3921 | D:5      | Reached skill level 7 in Unarmed Combat
  3921 | D:5      | Reached XP level 9. HP: 36/46 MP: 16/18
  4152 | D:5      | Noticed Ijyb
  4161 | D:5      | Killed Ijyb
  4806 | D:7      | Reached skill level 8 in Unarmed Combat
  4810 | D:7      | Reached skill level 5 in Fighting
  5169 | D:7      | Reached ** piety under Ashenzari
  5338 | D:7      | Reached XP level 10. HP: 49/51 MP: 9/20
  5494 | D:7      | Reached skill level 9 in Unarmed Combat
  6032 | D:5      | Killed Menkaure
  6558 | D:8      | Reached skill level 1 in Evocations
  6771 | D:9      | Reached skill level 10 in Unarmed Combat
  6790 | D:9      | Got the uncursed robe "Japodwun" {SInv}
  6966 | D:9      | Noticed a two-headed ogre
  6978 | D:9      | Killed a two-headed ogre
  6978 | D:9      | Reached XP level 11. HP: 54/58 MP: 19/22
  7521 | D:10     | Entered Level 10 of the Dungeon
  7690 | D:10     | Reached *** piety under Ashenzari
  7704 | D:10     | Found a staircase to the Lair.
  8000 | D:10     | Found a runed translucent door.
  8000 | D:10     | Noticed Seghaw's ghost (journeyman GrFi)
  8004 | D:10     | Noticed an ettin
  8009 | D:10     | Killed Seghaw's ghost
  8009 | D:10     | Reached skill level 11 in Unarmed Combat
  8011 | D:10     | HP: 2/58 [ettin/+0 dire flail (9)]
  8011 | D:10     | Annihilated by an ettin

Levels and vault maps discovered:
D:1:      eino_arrival_water_star, layout_loops_ring
D:2:      layout_loops_ring, ashenzari_conservatory_becter
D:3:      layout_rooms, gammafunk_temple_overflow_forgotten,
          nrook_loot_triangle, feat_on_display
D:4:      minmay_skewed_foursquare, layout_cave_pools, minmay_temple_entry_tees,
          first_ration, serial_column_ruins, column_ruins_hut,
          column_ruins_corridor_dead_end, column_ruins_open_tiny,
          column_ruins_columns_straight, column_ruins_open_medium,
          column_ruins_grid_3, column_ruins_corridor_water, column_ruins_grid_4
D:5:      layout_loops_corners, fedhas_altar_1, basic_altar, uniq_ijyb,
          uniq_pikel, uniq_menkaure, uniq_blork_the_orc
D:6:      layout_rooms, lemuel_crystal_altar, okawaru_ov_weapons_minmay
D:7:      minmay_the_grid_octo_2x2 [minmay_the_grid_octo_fan_narrow,
          minmay_the_grid_octo_77, minmay_the_grid_octo_clover_2,
          minmay_the_grid_octo_prize_ultimate_mussel_roller], layout_cave_pods
D:8:      layout_basic
D:9:      layout_basic
D:10:     layout_long_grid, erik_lair_orcish_takeover,
          ebering_ghost_inner_flame, uniq_erolcha

Skill      XL: |  1  2  3  4  5  6  7  8  9 10 11 |
---------------+----------------------------------+-----
Fighting       | 1 2 3 4 5 6 7 |  7.2
Spellcasting   | 3 4 5 6 7 |  7.0
Transmutations | 3 4 6 7 9 |  9.0
Unarmed Combat | 4 5 7 8 10 11 | 11.1
Evocations     | 2 3 |  3.4
Dodging        | |  1.6

Action                   |  1- 3 |  4- 6 |  7- 9 | 10-12 || total
-------------------------+-------+-------+-------+-------++-------
Melee: Unarmed           |   101 |   201 |   325 |   251 ||   878
       Bite              |    14 |    56 |    93 |    51 ||   214
       Headbutt          |     5 |     4 |       |       ||     9
       Kick              |     2 |    26 |    77 |       ||   105
       Punch             |     2 |     3 |     8 |     6 ||    19
 Cast: Beastly Appendage |    18 |    20 |    39 |       ||    77
       Sticks to Snakes  |       |       |     1 |       ||     1
       Blade Hands       |       |       |     4 |    39 ||    43
  Use: Scroll            |       |       |     4 |     5 ||     9
  Eat: Chunk             |     1 |     5 |    12 |    23 ||    41
Armor: Robe              |     8 |       |       |       ||     8
       Scale mail        |     8 |    53 |    52 |       ||   113
       Ring mail         |     4 |       |    15 |       ||    19
       Leather armour    |       |       |    18 |       ||    18
       Acid dragon scale |       |       |    10 |     5 ||    15
       Skin              |       |       |     1 |       ||     1
       Steam dragon scal |       |       |       |    64 ||    64
Dodge: Dodged            |    50 |    84 |   115 |    84 ||   333
Block: Other             |       |    15 |    31 |    13 ||    59
       Reflection        |       |       |       |     1 ||     1
